Warning! The script has encountered some errors when parsing the replay. Please report them to the . » details
0x63, prev: 0x61: 16 02 01 00 AD A4 00 00 68 F6 13 00 19 73 61 [63] 68 C8 97 00 00 C8 97 00 00
0xC8, prev: 0x63: 16 02 01 00 AD A4 00 00 68 F6 13 00 19 73 61 63 68 [C8] 97 00 00 C8 97 00 00
0x00, prev: 0xC8: 16 02 01 00 AD A4 00 00 68 F6 13 00 19 73 61 63 68 C8 97 00 00 C8 97 [00] 00
0xC8, prev: 0x00: 16 02 01 00 AD A4 00 00 68 F6 13 00 19 73 61 63 68 C8 97 00 00 [C8] 97 00 00
0x72, prev: 0x19: 16 02 01 00 AD A4 00 00 68 F6 13 00 19 76 [72] 67 75 5E 76 00 00 B1 E5 17 00
0x76, prev: 0x75: 16 02 01 00 AD A4 00 00 68 F6 13 00 19 76 72 67 75 5E [76] 00 00 B1 E5 17 00
0x00, prev: 0x76: 16 02 01 00 AD A4 00 00 68 F6 13 00 19 76 72 67 75 5E 76 00 [00] B1 E5 17 00
0xE5, prev: 0x00: 16 02 01 00 AD A4 00 00 68 F6 13 00 19 76 72 67 75 5E 76 00 00 B1 [E5] 17 00
0x00, prev: 0xE5: 16 02 01 00 AD A4 00 00 68 F6 13 00 19 76 72 67 75 5E 76 00 00 B1 E5 17 [00]
0x6D, prev: 0x19: 16 02 01 00 AD A4 00 00 68 F6 13 00 19 67 [6D] 61 48 5E 85 00 00 A3 54 01 00
0x48, prev: 0x6D: 16 02 01 00 AD A4 00 00 68 F6 13 00 19 67 6D 61 [48] 5E 85 00 00 A3 54 01 00
0x85, prev: 0x48: 16 02 01 00 AD A4 00 00 68 F6 13 00 19 67 6D 61 48 5E [85] 00 00 A3 54 01 00
0x00, prev: 0x85: 16 02 01 00 AD A4 00 00 68 F6 13 00 19 67 6D 61 48 5E 85 00 [00] A3 54 01 00
0x54, prev: 0x00: 16 02 01 00 AD A4 00 00 68 F6 13 00 19 67 6D 61 48 5E 85 00 00 A3 [54] 01 00
0x00, prev: 0x54: 16 02 01 00 AD A4 00 00 68 F6 13 00 19 67 6D 61 48 5E 85 00 00 A3 54 01 [00]
0x6C, prev: 0x19: 16 02 01 00 5E 85 00 00 A3 54 01 00 19 74 [6C] 76 68 55 8B 00 00 55 53 01 00
General information
- name: BNet
- type: Ladder team game (AT/RT)
- host: Battle.net
- saver: George.W.Bush.
map: Mur'gulOasis
- players: 8
- length: 85:14
- speed: Fast
- version: 1.26 W3XP
- replay type: Public
» download(298 KB)
Players
team 1 (loser)
dread_oo (
pink | 8 APM | 721 actions | 85:14)
4 Mountain King
2 Storm Bolt
2 Bash
3 Paladin
2 Holy Light
1 Divine Shield
» actions
| Build / train | 81 | |
| ESC pressed | 3 | |
| Enter build submenu | 30 | |
| Enter hero's abilities submenu | 7 | |
| Right click | 277 | |
| Select / deselect | 258 | |
| Use ability | 65 | |
721 total
» units
| Peasant | 10 | |
| Footman | 7 | |
| Knight | 5 | |
| Priest | 5 | |
| Flying Machine | 15 | |
| Siege Engine | 3 | |
45 total
» upgrades
| Defend | 1 | |
| Masonry | 2 | |
| Plating | 3 | |
| Swords | 2 | |
| Lumber Harvesting | 1 | |
| Animal War Training | 1 | |
| Magic Sentry | 1 | |
| Priest Training | 2 | |
| Flak Cannons | 1 | |
| Flying Machine Bombs | 1 | |
| Barrage | 1 | |
16 total
» buildings
| Altar of Kings | 1 | |
| Farm | 10 | |
| Barracks | 1 | |
| Scout Tower | 7 | |
| Arcane Tower | 1 | |
| Lumber Mill | 1 | |
| Guard Tower | 5 | |
| Arcane Vault | 2 | |
| Blacksmith | 1 | |
| Keep | 1 | |
| Castle | 1 | |
| Arcane Sanctum | 2 | |
| Workshop | 2 | |
35 total
» build order
00:40 Altar of Kings
01:14 Farm
01:54 Farm
02:05 Barracks
02:20 Farm
02:29 Scout Tower
02:55 Scout Tower
03:00 Arcane Tower
03:03 Lumber Mill
03:49 Farm
04:16 Guard Tower
04:25 Farm
04:42 Scout Tower
05:09 Arcane Vault
05:27 Guard Tower
05:39 Blacksmith
06:09 Keep
07:14 Scout Tower
08:02 Guard Tower
08:09 Farm
09:04 Scout Tower
09:05 Castle
09:53 Guard Tower
10:14 Arcane Sanctum
12:38 Arcane Sanctum
14:09 Farm
14:58 Farm
15:56 Workshop
15:59 Workshop
18:54 Farm
18:59 Farm
19:19 Arcane Vault
21:06 Scout Tower
22:21 Guard Tower
25:14 Scout Tower
» items
| Scroll of Regeneration | 2 | |
| Scroll of Town Portal | 1 | |
3 total
George.W.Bush. (
yellow | 52 APM | 4404 actions | 85:14)
10 Death Knight
3 Unholy Aura
3 Death Coil
1 Animate Dead
3 Death Pact
10 Dreadlord
3 Sleep
3 Vampiric Aura
1 Inferno
3 Carrion Swarm
» actions
| Assign group hotkey | 465 | |
| Basic commands | 185 | |
| Build / train | 150 | |
| ESC pressed | 2 | |
| Enter build submenu | 52 | |
| Enter hero's abilities submenu | 20 | |
| Give item / drop item | 14 | |
| Remove unit from queue | 5 | |
| Right click | 1777 | |
| Select / deselect | 850 | |
| Select group hotkey | 649 | |
| Select subgroup | 6 | |
| Use ability | 229 | |
4404 total
» units
| Acolyte | 28 | |
| Ghoul | 5 | |
| Crypt Fiend | 12 | |
| Obsidian Statue | 22 | |
67 total
» upgrades
| Creature Attack | 3 | |
| Creature Carapace | 3 | |
| Web | 1 | |
| Burrow | 1 | |
| Destroyer Form | 1 | |
| Ghoul Frenzy | 1 | |
| Cannibalize | 1 | |
| Unholy Strength | 1 | |
| Unholy Armor | 2 | |
| Stone Form | 1 | |
| Disease Cloud | 1 | |
| Exhume Corpses | 1 | |
17 total
» buildings
| Altar of Darkness | 2 | |
| Ziggurat | 32 | |
| Graveyard | 1 | |
| Crypt | 2 | |
| Nerubian Tower | 1 | |
| Spirit Tower | 16 | |
| Halls of the Dead | 1 | |
| Tomb of Relics | 3 | |
| Slaughterhouse | 1 | |
| Black Citadel | 4 | |
| Necropolis | 3 | |
66 total
» build order
00:07 Altar of Darkness
00:08 Ziggurat
00:36 Graveyard
01:03 Crypt
01:07 Nerubian Tower
01:39 Ziggurat
02:39 Spirit Tower
03:17 Ziggurat
04:21 Spirit Tower
05:05 Crypt
07:25 Halls of the Dead
07:29 Ziggurat
09:03 Tomb of Relics
09:43 Ziggurat
09:44 Ziggurat
09:52 Slaughterhouse
12:20 Black Citadel
12:21 Black Citadel
12:21 Black Citadel
14:23 Ziggurat
16:51 Spirit Tower
16:52 Spirit Tower
17:43 Ziggurat
25:10 Ziggurat
25:11 Ziggurat
25:12 Ziggurat
25:13 Ziggurat
26:10 Spirit Tower
32:15 Ziggurat
33:13 Spirit Tower
33:15 Ziggurat
33:17 Ziggurat
33:18 Ziggurat
33:26 Tomb of Relics
34:15 Spirit Tower
38:47 Ziggurat
38:48 Ziggurat
38:50 Ziggurat
41:46 Spirit Tower
42:59 Ziggurat
43:01 Ziggurat
43:17 Tomb of Relics
43:18 Ziggurat
46:11 Spirit Tower
47:02 Spirit Tower
47:44 Ziggurat
48:03 Ziggurat
48:34 Ziggurat
48:35 Ziggurat
49:50 Spirit Tower
49:56 Spirit Tower
53:07 Ziggurat
53:08 Ziggurat
53:10 Ziggurat
55:13 Necropolis
55:52 Spirit Tower
55:53 Spirit Tower
65:25 Necropolis
65:28 Necropolis
69:07 Altar of Darkness
69:58 Ziggurat
70:07 Ziggurat
70:15 Ziggurat
» items
| Boots of Speed | 2 | |
| Staff of Teleportation | 2 | |
| Scroll of Town Portal | 2 | |
| Orb of Fire | 1 | |
| Orb of Corruption | 3 | |
| Potion of Lesser Invulnerability | 1 | |
| Potion of Healing | 1 | |
| Scroll of Healing | 1 | |
13 total
yomaz (
blue | 25 APM | 521 actions | 20:39)
5 Archmage
3 Summon Water Elemental
2 Brilliance Aura
» actions
| Assign group hotkey | 17 | |
| Build / train | 89 | |
| Enter build submenu | 19 | |
| Enter hero's abilities submenu | 5 | |
| Give item / drop item | 1 | |
| Remove unit from queue | 8 | |
| Right click | 107 | |
| Select / deselect | 168 | |
| Select group hotkey | 48 | |
| Use ability | 59 | |
521 total
» units
| Peasant | 23 | |
| Footman | 3 | |
| Rifleman | 5 | |
| Priest | 11 | |
| Sorceress | 5 | |
| Mortar Team | 10 | |
57 total
» upgrades
| Masonry | 1 | |
| Gunpowder | 1 | |
| Lumber Harvesting | 2 | |
| Priest Training | 3 | |
| Sorceress Training | 2 | |
| Armor | 1 | |
| Fragmentation Shards | 1 | |
| Flare | 1 | |
12 total
» buildings
| Farm | 17 | |
| Altar of Kings | 1 | |
| Lumber Mill | 1 | |
| Barracks | 1 | |
| Blacksmith | 2 | |
| Keep | 1 | |
| Arcane Vault | 1 | |
| Arcane Sanctum | 2 | |
| Castle | 1 | |
| Workshop | 1 | |
| Scout Tower | 1 | |
29 total
» build order
00:08 Farm
00:11 Altar of Kings
00:39 Lumber Mill
01:10 Barracks
01:30 Farm
01:36 Blacksmith
01:52 Farm
02:50 Blacksmith
03:08 Keep
03:20 Arcane Vault
04:52 Farm
04:53 Farm
06:00 Arcane Sanctum
06:03 Arcane Sanctum
07:29 Castle
10:46 Workshop
11:09 Farm
11:10 Farm
11:11 Farm
11:13 Farm
12:23 Farm
12:24 Farm
12:25 Farm
12:25 Farm
12:27 Farm
12:28 Farm
12:29 Farm
12:30 Farm
17:13 Scout Tower
» items
| Scroll of Regeneration | 2 | |
| Scroll of Town Portal | 2 | |
4 total

»
Plant_Scientist (
red | 30 APM | 714 actions | 23:40)
3 Blademaster
2 Wind Walk
1 Mirror Image
1 Firelord
1 Summon Lava Spawn
» actions
| Build / train | 45 | |
| Enter build submenu | 24 | |
| Enter hero's abilities submenu | 4 | |
| Right click | 400 | |
| Select / deselect | 175 | |
| Use ability | 66 | |
714 total
» units
| Peon | 8 | |
| Grunt | 7 | |
| Troll Headhunter/Berserker | 3 | |
| Raider | 6 | |
| Kodo Beast | 1 | |
25 total
» upgrades
| Armor | 1 | |
| Melee Weapons | 2 | |
| Pillage | 1 | |
| Spiked Barricades | 1 | |
| Berserker Strength | 1 | |
| Ensnare | 1 | |
7 total
» buildings
| Altar of Storms | 1 | |
| Orc Burrow | 13 | |
| Barracks | 1 | |
| Voodoo Lounge | 2 | |
| War Mill | 1 | |
| Stronghold | 2 | |
| Fortress | 1 | |
| Beastiary | 2 | |
| Watch Tower | 3 | |
26 total
» build order
00:07 Altar of Storms
00:14 Orc Burrow
01:09 Barracks
01:21 Voodoo Lounge
01:26 Voodoo Lounge
01:35 War Mill
01:44 Orc Burrow
02:53 Orc Burrow
05:48 Stronghold
06:16 Orc Burrow
06:46 Stronghold
07:37 Orc Burrow
09:28 Fortress
12:40 Beastiary
12:44 Beastiary
13:53 Orc Burrow
14:02 Orc Burrow
18:53 Orc Burrow
18:57 Orc Burrow
19:01 Orc Burrow
19:04 Orc Burrow
19:08 Orc Burrow
19:16 Watch Tower
19:19 Watch Tower
19:22 Watch Tower
22:30 Orc Burrow
» items
| Healing Salve | 1 | |
| Lesser Clarity Potion | 2 | |
| Scroll of Speed | 1 | |
4 total
team 2 (winner)
J.Rozay (
green | 46 APM | 831 actions | 18:03)
5 Mountain King
3 Storm Bolt
2 Bash
3 Paladin
1 Holy Light
1 Devotion Aura
1 Divine Shield
» actions
| Assign group hotkey | 23 | |
| Basic commands | 19 | |
| Build / train | 55 | |
| ESC pressed | 1 | |
| Enter build submenu | 23 | |
| Enter hero's abilities submenu | 8 | |
| Right click | 277 | |
| Select / deselect | 215 | |
| Select group hotkey | 165 | |
| Use ability | 45 | |
831 total
» units
| Peasant | 8 | |
| Footman | 2 | |
| Rifleman | 13 | |
23 total
» upgrades
| Gunpowder | 3 | |
| Defend | 1 | |
| Long Rifles | 1 | |
| Armor | 2 | |
| Masonry | 1 | |
8 total
» buildings
| Altar of Kings | 1 | |
| Scout Tower | 6 | |
| Farm | 8 | |
| Barracks | 3 | |
| Arcane Tower | 1 | |
| Lumber Mill | 1 | |
| Guard Tower | 5 | |
| Arcane Vault | 1 | |
| Blacksmith | 1 | |
| Keep | 1 | |
| Castle | 1 | |
29 total
» build order
00:09 Altar of Kings
00:12 Scout Tower
00:16 Farm
00:25 Barracks
01:11 Barracks
01:29 Arcane Tower
01:39 Lumber Mill
01:49 Farm
02:22 Farm
02:34 Scout Tower
03:02 Guard Tower
03:07 Farm
03:21 Arcane Vault
03:38 Blacksmith
05:29 Keep
05:57 Barracks
06:04 Farm
06:16 Scout Tower
06:48 Farm
06:56 Guard Tower
07:35 Farm
10:51 Castle
12:17 Scout Tower
12:26 Farm
12:49 Guard Tower
12:52 Scout Tower
13:43 Guard Tower
14:08 Scout Tower
14:42 Guard Tower
» items
WhistlePig (
teal | 34 APM | 2886 actions | 85:14)
8 Death Knight
3 Death Coil
3 Unholy Aura
1 Animate Dead
1 Death Pact
6 Lich
2 Frost Nova
3 Frost Armor
1 Death and Decay
1 Mountain King
1 Avatar
1 Paladin
1 Devotion Aura
» actions
| Basic commands | 37 | |
| Build / train | 168 | |
| Enter build submenu | 37 | |
| Enter hero's abilities submenu | 16 | |
| Right click | 1835 | |
| Select / deselect | 701 | |
| Use ability | 92 | |
2886 total
» units
| Acolyte | 17 | |
| Ghoul | 11 | |
| Gargoyle | 49 | |
| Frost Wyrm | 24 | |
| Rifleman | 14 | |
| Peasant | 2 | |
| Meatwagon | 1 | |
118 total
» upgrades
| Creature Attack | 3 | |
| Creature Carapace | 3 | |
| Freezing Breath | 1 | |
| Armor | 1 | |
| Lumber Harvesting | 1 | |
| Masonry | 1 | |
10 total
» buildings
| Altar of Darkness | 1 | |
| Ziggurat | 11 | |
| Crypt | 2 | |
| Graveyard | 2 | |
| Halls of the Dead | 2 | |
| Tomb of Relics | 1 | |
| Black Citadel | 1 | |
| Spirit Tower | 8 | |
| Sacrificial Pit | 1 | |
| Boneyard | 3 | |
| Necropolis | 4 | |
| Town Hall | 1 | |
| Slaughterhouse | 1 | |
| Nerubian Tower | 3 | |
41 total
» build order
00:19 Altar of Darkness
00:25 Ziggurat
00:37 Crypt
01:45 Ziggurat
02:30 Graveyard
03:29 Halls of the Dead
04:03 Ziggurat
04:33 Tomb of Relics
04:39 Ziggurat
04:54 Crypt
06:10 Black Citadel
06:28 Spirit Tower
06:31 Spirit Tower
07:23 Spirit Tower
07:29 Ziggurat
07:36 Spirit Tower
08:29 Spirit Tower
09:25 Sacrificial Pit
09:42 Ziggurat
09:50 Ziggurat
10:49 Spirit Tower
11:02 Spirit Tower
11:07 Boneyard
13:13 Ziggurat
13:20 Boneyard
13:31 Boneyard
14:36 Spirit Tower
17:40 Necropolis
19:53 Halls of the Dead
22:20 Town Hall
45:18 Necropolis
55:24 Slaughterhouse
57:35 Ziggurat
57:38 Ziggurat
58:07 Ziggurat
58:37 Nerubian Tower
58:39 Nerubian Tower
59:19 Necropolis
59:30 Nerubian Tower
64:33 Necropolis
66:38 Graveyard
» items
| Potion of Healing | 2 | |
| Scroll of Town Portal | 5 | |
| Rod of Necromancy | 1 | |
8 total
Nigromancer (
orange | 28 APM | 2362 actions | 85:07)
10 Archmage
3 Summon Water Elemental
3 Brilliance Aura
1 Mass Teleport
3 Blizzard
» actions
| Assign group hotkey | 126 | |
| Basic commands | 156 | |
| Build / train | 80 | |
| Enter build submenu | 42 | |
| Enter hero's abilities submenu | 10 | |
| Give item / drop item | 9 | |
| Remove unit from queue | 9 | |
| Right click | 922 | |
| Select / deselect | 493 | |
| Select group hotkey | 239 | |
| Use ability | 276 | |
2362 total
» units
| Peasant | 4 | |
| Footman | 6 | |
| Gryphon Rider | 10 | |
20 total
» upgrades
| Masonry | 3 | |
| Lumber Harvesting | 2 | |
| Storm Hammers | 1 | |
| Swords | 3 | |
| Animal War Training | 1 | |
| Armor | 3 | |
13 total
» buildings
| Altar of Kings | 1 | |
| Farm | 9 | |
| Barracks | 1 | |
| Scout Tower | 18 | |
| Arcane Vault | 1 | |
| Arcane Tower | 1 | |
| Lumber Mill | 3 | |
| Keep | 1 | |
| Guard Tower | 7 | |
| Castle | 1 | |
| Gryphon Aviary | 5 | |
| Blacksmith | 1 | |
| Town Hall | 4 | |
53 total
» build order
00:24 Altar of Kings
00:51 Farm
00:53 Barracks
01:14 Farm
01:56 Farm
02:11 Farm
02:20 Scout Tower
02:40 Arcane Vault
02:47 Arcane Tower
02:52 Lumber Mill
04:01 Keep
04:05 Lumber Mill
05:48 Scout Tower
05:50 Scout Tower
05:54 Scout Tower
08:42 Guard Tower
08:49 Castle
08:52 Gryphon Aviary
08:53 Gryphon Aviary
10:03 Blacksmith
11:18 Farm
11:19 Farm
11:23 Farm
11:24 Farm
11:32 Scout Tower
11:33 Scout Tower
11:34 Scout Tower
12:57 Gryphon Aviary
13:01 Guard Tower
13:13 Lumber Mill
14:08 Farm
17:03 Town Hall
17:11 Scout Tower
17:12 Scout Tower
17:15 Scout Tower
17:20 Scout Tower
17:20 Scout Tower
17:55 Guard Tower
19:31 Guard Tower
21:50 Scout Tower
21:51 Scout Tower
21:51 Scout Tower
22:25 Scout Tower
22:26 Scout Tower
22:29 Scout Tower
23:53 Guard Tower
25:22 Guard Tower
26:03 Town Hall
26:19 Guard Tower
33:57 Town Hall
34:25 Town Hall
45:03 Gryphon Aviary
45:04 Gryphon Aviary
» items
| Scroll of Regeneration | 9 | |
| Boots of Speed | 1 | |
| Staff of Teleportation | 1 | |
| Scroll of Town Portal | 2 | |
| Potion of Healing | 2 | |
| Periapt of Vitality | 2 | |
17 total

»
TROLOLOLOLOLOL. (
purple | 1 APM | 111 actions | 85:14)
» actions
| Basic commands | 5 | |
| Right click | 73 | |
| Select / deselect | 33 | |
111 total
Chat log
(00:24 / Allies) Plant_Scientist: i hate orc
(01:26 / All) George.W.Bush.: George W Bush is greatest president to ever grace the USA
(01:38 / All) Nigromancer: I once had a game where it was paused for almost an hour
(01:47 / All) Nigromancer: because they couldn't unpause it
(01:53 / All) George.W.Bush.: One time, I paused and spammed "GET THE FUCK OUT" and the guy I directed it to left
(01:58 / Allies) dread_oo: they gonna rush
(02:02 / Allies) dread_oo: so pls make UNITS
(02:08 / Allies) George.W.Bush.: Units are for noobs
(02:32 / All) Nigromancer: Alexander Hamilton the greatest statesman
(02:44 / Allies) dread_oo: well.. that's why u think that bush is a great pres.
(02:50 / Allies) George.W.Bush.: Oh snap son
(09:14 / Allies) Plant_Scientist: green rifles
(09:35 / Allies) Plant_Scientist: wood?
(09:56 / Allies) Plant_Scientist: wood??
(10:22 / Allies) Plant_Scientist: be cafeful
(12:30 / Allies) George.W.Bush.: attack pink, not autofollow
(13:24 / Allies) George.W.Bush.: tp idiots
(14:47 / Allies) Plant_Scientist: AA
(14:51 / Allies) Plant_Scientist: we need AA
(15:52 / Allies) Plant_Scientist: we need yellwo
(16:05 / Allies) Plant_Scientist: go
(16:07 / Allies) George.W.Bush.: Do not hit oj
(16:08 / Allies) George.W.Bush.: I know him
(16:11 / Allies) George.W.Bush.: he is stabbing their team
(16:40 / Allies) Plant_Scientist: i have no tp
(16:46 / Allies) Plant_Scientist: pink
(16:52 / Allies) Plant_Scientist: sorry change of plans i guess
(17:14 / Allies) Plant_Scientist: out
(19:35 / Allies) dread_oo: send destros ?
(19:39 / Allies) Plant_Scientist: i
(19:57 / Allies) George.W.Bush.: gold please
(20:37 / Allies) yomaz: wtf
(21:06 / Allies) Plant_Scientist: its 4 v 2 cmon lets do this
(21:23 / Allies) Plant_Scientist: 3 v2 i should say
(22:40 / Allies) dread_oo: ?
(23:41 / All) George.W.Bush.: Out, my team. You niggers lost
(23:43 / Allies) dread_oo: yellow is bsing... soo sad
(23:45 / All) George.W.Bush.: get the fuck out, pink
(23:52 / All) George.W.Bush.: yellow is bsing.. soo sad - pink
(23:53 / Allies) dread_oo: lol retard
(23:56 / Allies) George.W.Bush.: You mad bro?
(24:03 / Allies) dread_oo: im not
(24:05 / All) George.W.Bush.: How mad you are bro/
(24:07 / All) George.W.Bush.: ??
(24:33 / Allies) dread_oo: u are the one how is trolling every body, did some1 raped you ?? why u are soo sad
(24:43 / Allies) dread_oo: did some1 raped your mother ???
(24:53 / Allies) George.W.Bush.: If you retract that statement, I will give you the win
(24:56 / Allies) dread_oo: lol @ u brah.. im not mad
(24:58 / All) George.W.Bush.: did some1 raped your mother ??? - pink
(25:40 / Allies) dread_oo: im just gonna tab out and wait u lose this fight
(25:42 / Allies) dread_oo: C
(25:47 / Allies) George.W.Bush.: Oj is on my team
(30:11 / All) George.W.Bush.: Worms can't attack destros btw
(31:43 / All) George.W.Bush.: Almost 1 expo for every unit, worth it
(31:50 / All) George.W.Bush.: Was that a good decision?
(32:24 / All) George.W.Bush.: LOL, targeting my t3 hall. nice
(32:37 / All) George.W.Bush.: Gj moron, bye bye MK
(33:57 / All) George.W.Bush.: This game is in our hands now
(35:10 / All) George.W.Bush.: Teal, are you still going for worms out of curiosity? Destros are magic immune btw
(35:41 / All) George.W.Bush.: Oo, free XP!
(36:39 / All) George.W.Bush.: Ty for feeding me
(36:43 / All) Nigromancer: LEEEEROY JENKINS
(38:39 / All) George.W.Bush.: I'm kind of curious why teal hasn't said anything and is still going for wyrms
(38:57 / All) George.W.Bush.: FREE XP!
(39:06 / All) Nigromancer: Hew who laughs last, laughs loudest
(42:38 / All) George.W.Bush.: Any expos I should hit?
(42:55 / All) George.W.Bush.: Where?
(43:40 / All) Nigromancer: Nice looking expo
(53:07 / All) Nigromancer: Why would magic be less effective against medium armor, but more effective against light and heavy
(53:16 / All) George.W.Bush.: No idea
(56:36 / All) Nigromancer: Alas
(58:56 / All) Nigromancer: I dabble in the black arts from time to time
(59:00 / All) Nigromancer: Hence the moniker
(59:07 / All) George.W.Bush.: lol
(59:20 / All) George.W.Bush.: I actually knew someone once who thought necromancers were called negromancers
(59:22 / All) Nigromancer: I took care of that lizard for you
(59:29 / All) Nigromancer: It was making threatening gestures at your womanfolk
(59:31 / All) George.W.Bush.: ty, i couldn't have killed it lizards op
(59:44 / All) Nigromancer: Well nigro means black
(59:56 / All) Nigromancer: Necromancer = nigromancer
(59:58 / All) George.W.Bush.: Dual level 10 heroes
(60:21 / All) Nigromancer: This looks dangerous
(60:48 / All) Nigromancer: I could help you Teal but what's in it for me?
(61:07 / All) George.W.Bush.: No you couldn't destros are magic immune
(61:33 / All) Nigromancer: Whistle, where are you located?
(61:51 / All) Nigromancer: Philadelphia you don't say
(61:57 / All) Nigromancer: Are you American originally?
(61:59 / All) George.W.Bush.: He is in pedophilia?
(63:50 / All) Nigromancer: Teal, you must answer me a riddle
(64:02 / All) George.W.Bush.: Of course
(65:11 / All) Nigromancer: I have learned that something grows in the corner,
(65:22 / All) Nigromancer: swells and expands, has a covering;
(65:30 / All) Nigromancer: on that boneless thing a woman grasps
(65:37 / All) Nigromancer: around with hands, with a garment
(65:44 / All) Nigromancer: the lord's daughter covered the swollen thing.
(65:53 / All) Nigromancer: Answer this riddle, or perish.
(66:15 / All) George.W.Bush.: Hmm
(66:37 / All) George.W.Bush.: Bread dough?
(67:02 / All) Nigromancer: Indeed. Teal shall live now. Unless he (or you) cannot answer this next riddle.
(67:54 / All) Nigromancer: A moth ate a word. To me it seemed,
(68:00 / All) George.W.Bush.: Wait
(68:03 / All) George.W.Bush.: Fighting teal first
(68:03 / All) Nigromancer: A marvelous thing when I learned the wonder
(68:13 / All) Nigromancer: That a worm had swallowed, in darkness stolen,
(68:21 / All) Nigromancer: The song of man, his glorious sayings,
(68:29 / All) Nigromancer: A great man's strength; and the thieving guest,
(68:36 / All) Nigromancer: Was no whit the wiser for the words it ate.
(68:47 / All) George.W.Bush.: Uhhhhh
(68:55 / All) George.W.Bush.: Book Moth?
(68:55 / All) Nigromancer: Answer, or perish.
(69:09 / All) Nigromancer: You have one wish, choose it wisely.
(69:20 / All) George.W.Bush.: I wish for a Mexican Standoff
(69:26 / All) Nigromancer: Granted.
(71:47 / All) George.W.Bush.: Keep towers to kill our staff after the standoff begins
(71:54 / All) George.W.Bush.: Just one will work
(72:08 / All) George.W.Bush.: Make sure that green and nobody else is capable of building or killing shit
(72:52 / All) George.W.Bush.: K, all of my buildings are dead except the expo teal kept attacking. Want to resurrect my heroes before the end
(73:37 / All) George.W.Bush.: Killing my shit
(73:45 / All) George.W.Bush.: To everyone still here, this is a "Mexican Standoff"
(73:50 / All) George.W.Bush.: You all have an equal chance of winning
(74:07 / All) George.W.Bush.: Simply put, the team that leaves last wins. There will only be two buildings and no units or production buildings
(74:20 / All) George.W.Bush.: May the best Internet win.
(74:46 / All) Nigromancer: A neat trick but no match for our nigromancie
(74:55 / All) George.W.Bush.: Teal, don't worry. You still have a chance of winning.
(75:04 / All) George.W.Bush.: Check the chat log if you missed my standoff explanation.
(75:19 / All) WhistlePig: good night u guys are aholes
(75:35 / All) George.W.Bush.: Purple is still here, the standoff will continue without you
(76:00 / All) George.W.Bush.: Make sure you leave one building, like a farm, lumber mill, or tower
(77:32 / All) George.W.Bush.: K, I'm almost done. Killing last 4 units
(77:41 / All) George.W.Bush.: Are you almost finished the standoff on your side, Turncoat?
(77:59 / All) Nigromancer: Indeed. Only my army remains afield.
(78:16 / All) George.W.Bush.: Use towers if you can, and weaken your units with your army
(78:23 / All) Nigromancer: Teal do you seek defeat; or victory?
(78:31 / All) George.W.Bush.: You can still win, teal
(78:37 / All) George.W.Bush.: Just leave your computer running
(78:44 / All) George.W.Bush.: Last one to leave wins
(79:16 / All) George.W.Bush.: I'm down to one tower with no chance of rebuilding. All units dead. Mission success.
(79:26 / All) George.W.Bush.: Pink is still here and still AFK. Damn, is he in for a surprise.
(79:35 / All) George.W.Bush.: Last one to leave the standoff wins, to repeat myself.
(80:01 / All) George.W.Bush.: Wait
(80:05 / All) George.W.Bush.: doesn't green have shit?
(80:08 / All) George.W.Bush.: I'd finish that off
(80:18 / All) George.W.Bush.: The castle and production facilities, mainly
(80:36 / All) George.W.Bush.: Unless he has no money. You almost done?
(81:02 / All) George.W.Bush.: I would kill green first
(81:05 / All) George.W.Bush.: Teal could give green gold
(81:09 / All) George.W.Bush.: Or lumber, and build
(81:26 / All) Nigromancer: Only, I, Kelen the Seeker remain alive. I have sacrificed my army to the Great Ones. They must pay their blood to grant thine
(81:28 / All) Nigromancer: wish.
(81:46 / All) George.W.Bush.: Kill green's castle, barracks, and altar dammit
(81:49 / All) George.W.Bush.: Not the hero yet
(82:15 / All) George.W.Bush.: You have to remember that teal or purple could trade gold. Well done otherwise
(83:30 / All) Nigromancer: Almost a great error committed.
(83:36 / All) Nigromancer: I am growing old and senile.
(83:40 / All) George.W.Bush.: Good that I noticed in time. No worries.
(84:00 / All) George.W.Bush.: After I upload the replay to highper.ch, we can check how long it lasts by when the games ends on their battle.net profiles
(84:11 / All) Nigromancer: Well, I also did one last sweep as I was in the process of taking my own life.
(84:26 / All) Nigromancer: I do believe that is everything.
(84:33 / All) George.W.Bush.: It is, good
(84:36 / All) Nigromancer: I shall reveal to you.
(84:41 / All) George.W.Bush.: LET IT BEGIN, LET IT BEGIN
(85:09 / All) George.W.Bush.: PERFECT.
(85:12 / All) George.W.Bush.: Good luck, everyone.